 Dungeon Crawl Stone Soup version 0.26-b1-32-g5d43845318 (webtiles) character file.

Game seed: 2524968457123310400

180 Borgoz the Ducker (level 5, 0/45 HPs)
             Began as a Ghoul Gladiator on Jan 13, 2021.
             Slain by an orc (1 damage)
             ... on level 3 of the Dungeon.
             The game lasted 00:03:07 (3680 turns).

Borgoz the Ducker (Ghoul Gladiator)                 Turns: 3680, Time: 00:03:07

Health: 0/45       AC:  6    Str: 18    XL:     5   Next: 60%
Magic:  4/4        EV: 13    Int:  3    God:
Gold:   200        SH:  0    Dex: 11    Spells: 4/4 levels left

rFire    . . .     SeeInvis .   a - +0 flail
rCold    + . .     Faith    +   (no shield)
rNeg     + + +     Spirit   .   p - +0 leather armour (curse)
rPois    ∞         Reflect  .   e - +2 helmet
rElec    .         Harm     .   (no cloak)
rCorr    .         Rampage  .   (no gloves)
Will     .....                  (no boots)
Stlth    +.........             h - amulet of faith
HPRegen  0.00/turn              (no ring)
MPRegen  0.09/turn              (no ring)

@: no status effects
A: claws 1, cold resistance 1, negative energy resistance 3, inhibited
regeneration, torment resistance, unbreathing
a: no special abilities


You were on level 3 of the Dungeon.
You visited 1 branch of the dungeon, and saw 4 of its levels.

You collected 200 gold pieces.

Inventory:

Hand Weapons
 a - a +0 flail (weapon)
Missiles
 d - 4 throwing nets (quivered)
Armour
 e - a +2 helmet (worn)
 p - a cursed +0 leather armour (worn)
Jewellery
 h - an amulet of faith (around neck)
Scrolls
 b - a scroll of enchant weapon {unknown}
 f - 2 scrolls of remove curse
 i - a scroll of amnesia {unknown}
 m - 2 scrolls of enchant armour
 n - a scroll of teleportation {unknown}
 o - a scroll of immolation {unknown}
Potions
 g - a potion of attraction {unknown}
 j - a potion of invisibility
 k - a potion of magic {unknown}


   Skills:
 + Level 3.5 Fighting
 + Level 3.6 Maces & Flails
 - Level 1.7 Throwing
 + Level 2.0 Armour
 + Level 3.6 Dodging


You had 4 spell levels left.
You didn't know any spells.
Your spell library contained the following spells:

 Spells                   Type           Power        Failure   Level
 Magic Dart               Conj           0%           58%         1
 Searing Ray              Conj           0%           73%         2
 Dazzling Flash           Conj/Hex       0%           91%         3
 Fulminant Prism          Conj/Hex       0%           100%        4
 Iskenderun's Mystic Bla  Conj/Tloc      0%           100%        4


Dungeon Overview and Level Annotations

Branches:
Dungeon (4/15)
 Temple: D:4-7

Altars:
Gozag
Ru


Innate Abilities, Weirdness & Mutations

You thrive by killing the living.
You are immune to poison.
You have sharp fingernails.
Your flesh is cold resistant. (rC+)
You are immune to negative energy. (rN+++)
You do not regenerate when monsters are visible.
You are immune to unholy pain and torment.
You can survive without breathing.


Message History

You closely miss the orc priest.
The orc priest is moderately wounded.
The orc barely misses you.
The orc priest mumbles some strange prayers to Beogh against you.
Beogh smites you!
* * * LOW HITPOINT WARNING * * *
The orc hits you with a +0 dagger.
* * * LOW HITPOINT WARNING * * *
You barely miss the orc priest.
The orc priest is moderately wounded.
The orc hits you but does no damage. The orc priest closely misses you.
The orc hits you with a +0 dagger.
* * * LOW HITPOINT WARNING * * *
The orc hits you.
* * * LOW HITPOINT WARNING * * *
Okay, then.
You hit the orc but do no damage. The orc priest hits you.
* * * LOW HITPOINT WARNING * * *
The orc hits you but does no damage. The orc hits you.
You die...

#### ...# ##)###
.....#########
.............#
##.#.#######.###########
................oo.....#
.#######........@o.(.#.#
.# #.####.######.#.# .#
#.# #.# #.#.## .# #.#
#.# #.#..# .# #.# #.#
#.##.# .# #.# #.# #.##.#
.#######.# #.# ####.##.#
.........# #.# #....##.#
##.#####.# #.# #.#####.#


You could see an orc priest and 2 orcs.

Vanquished Creatures
  An orc wizard (D:3)
  Robin (D:3)
  4 adders
  An ooze (D:1)
  3 worms
  4 leopard geckos
  8 orcs
  3 giant cockroaches
  14 goblins
  11 hobgoblins
  2 jackals (D:2)
  2 quokkas
  7 bats
  2 frilled lizards
  5 kobolds
  9 rats
77 creatures vanquished.

Notes
Turn   | Place    | Note
-------+----------+-------------------------------------------
     0 | D:1      | Borgoz the Ghoul Gladiator began the quest for the Orb.
     0 | D:1      | Reached XP level 1. HP: 17/17 MP: 0/0
   302 | D:1      | Reached XP level 2. HP: 20/25 MP: 1/1
   982 | D:2      | Found a sacrificial altar of Ru.
  1244 | D:2      | Reached skill level 1 in Armour
  1244 | D:2      | Reached XP level 3. HP: 12/30 MP: 2/2
  2064 | D:2      | Found an opulent altar of Gozag.
  2181 | D:2      | Reached XP level 4. HP: 35/37 MP: 3/3
  2754 | D:3      | Reached XP level 5. HP: 43/45 MP: 4/4
  3039 | D:3      | Noticed Robin
  3055 | D:3      | Killed Robin
  3675 | D:3      | HP: 2/45 [orc/+0 dagger (3)]
  3680 | D:3      | HP: 1/45 [orc priest (2)]
  3680 | D:3      | Slain by an orc

Illustrated notes

Levels and vault maps discovered:
D:1:      lightli_arrival_windingriver, layout_basic
D:2:      layout_basic, old_standard_altar,
          nicolae_gozag_cash_rules_everything_around_me, dk_noncrumbling_3
D:3:      layout_loops_ring, minmay_mini_jars, uniq_robin
D:4:      layout_gridville, minmay_misc_feat_cross

Skill      XL: |  1  2  3  4  5 |
---------------+----------------+-----
Maces & Flails | 3 |  3.6
Armour         | 1 2 |  2.0
Dodging        | 3 |  3.6
Fighting       | 3 |  3.5
Throwing       | |  1.7

Action                   |  1- 3 |  4- 6 || total
-------------------------+-------+-------++-------
Melee: Flail             |   104 |   172 ||   276
Throw: Throwing net      |     1 |       ||     1
  Use: Scroll            |       |     7 ||     7
       Potion            |       |     4 ||     4
 Stab: Held in net/web   |     3 |       ||     3
Armor: Leather armour    |    42 |    54 ||    96
Dodge: Dodged            |    89 |   155 ||   244
